 Dungeon Crawl Stone Soup version 0.29-a0-757-g358383bc75 (webtiles) character file.

Game seed: 10433241911096936341

967 YayAnonymity the Cudgeller (level 7, -4/70 HPs)
             Began as a Troll Gladiator on June 30, 2022.
             Slain by a gnoll
             ... wielding a +0 whip
             ... led by a gnoll shaman
              (6 damage)
             ... on level 5 of the Dungeon.
             The game lasted 00:09:24 (3581 turns).

YayAnonymity the Cudgeller (Troll Gladiator)        Turns: 3581, Time: 00:09:25

Health: -4/70      AC:  4    Str: 29    XL:     7   Next: 93%
Magic:  6/6        EV: 11    Int:  4    God:
Gold:   118        SH:  0    Dex: 13    Spells: 6/6 levels left

rFire   . . .      SeeInvis .   (no weapon)
rCold   . . .      Faith    .   (no shield)
rNeg    . . .      Spirit   .   b - +0 robe
rPois   .          Reflect  .   c - +0 hat
rElec   .          Harm     .   (no cloak)
rCorr   .          Rampage  .   (gloves unavailable)
Will    .....                   (boots unavailable)
Stlth   +.........              (no amulet)
HPRegen 1.01/turn               k - +6 ring of strength
MPRegen 0.10/turn               (no ring)

@: lit by a corona, flying, glowing
A: large, unfitting armour, claws 3, regeneration 1, shaggy fur 1, tough skin 1
a: no special abilities


You were on level 5 of the Dungeon.
You visited 1 branch of the dungeon, and saw 7 of its levels.

You collected 146 gold pieces.
You spent 28 gold pieces at shops.

Inventory:

Hand Weapons
 a - a +0 giant club
 v - a +1 hand axe of venom
Missiles
 d - 3 throwing nets
 e - a large rock
 j - 8 javelins
 n - 6 poisoned darts (quivered)
Armour
 b - a +0 robe (worn)
 c - a +0 hat (worn)
Jewellery
 k - a +6 ring of strength (left claw)
Wands
 w - a wand of polymorph (1)
Scrolls
 h - a scroll of silence
 i - 4 scrolls of teleportation
 l - a scroll of enchant weapon
 r - a scroll of fog {unknown}
 s - a scroll of enchant armour
Potions
 g - a potion of cancellation
 m - a potion of might {unknown}
 p - a potion of attraction {unknown}
 q - a potion of berserk rage {unknown}
 t - a potion of mutation {unknown}
 u - 3 potions of haste {unknown}


   Skills:
 - Level 4.0 Fighting
 * Level 6.5 Maces & Flails
 - Level 2.0 Throwing
 + Level 4.4 Dodging


You had 6 spell levels left.
You didn't know any spells.
Your spell library contained the following spells:

 Spells                   Type           Power      Damage    Failure   Level
 Call Canine Familiar     Summ           0%         N/A       86%         3
 Portal Projectile        Hex/Tloc       0%         N/A       86%         3
 Leda's Liquefaction      Hex/Erth       0%         N/A       99%         4


Dungeon Overview and Level Annotations

Branches:
Dungeon (7/15)
 Temple: D:4-7

Altars:
Nemelex Xobeh
Wu Jian

Shops:
D:2 !   D:7 ?

Annotations:
D:7 Pikel


Innate Abilities, Weirdness & Mutations

You are too large for most types of armour.
You have claws for hands.
Your natural rate of healing is unusually fast.
You are covered in fur. (AC +1)
You have tough skin. (AC +1)


Message History

You completely miss the gnoll shaman.
The gnoll shaman hits you with a +0 club.
The gnoll barely misses you. The gnoll completely misses you.
You closely miss the gnoll shaman.
The gnoll shaman hits you with a +0 club.
The gnoll hits you with a +0 flail!
* * * LOW HITPOINT WARNING * * *
The gnoll barely misses you.
You scratch the gnoll shaman.
The gnoll shaman is lightly wounded.
The gnoll shaman hits you with a +0 club.
* * * LOW HITPOINT WARNING * * *
The gnoll barely misses you. The gnoll closely misses you.
You barely miss the gnoll shaman.
The gnoll shaman is lightly wounded.
The gnoll shaman hits you but does no damage.
The gnoll hits you with a +0 flail.
* * * LOW HITPOINT WARNING * * *
The gnoll hits you with a +0 whip.
* * * LOW HITPOINT WARNING * * *
It was a potion of flight.
You feel very buoyant.
You fly up into the air.
The gnoll shaman barely misses you. The gnoll hits you with a +0 flail!
* * * LOW HITPOINT WARNING * * *
The gnoll hits you but does no damage.
As you read the scroll of fear, it crumbles to dust.
You assume a fearsome visage.
The gnoll looks frightened! x2
The gnoll shaman looks frightened!
The gnoll looks frightened!
You fly downwards.
The gnoll hits you with a +0 whip.
* * * LOW HITPOINT WARNING * * *
The gnoll hits you with a +0 whip.
* * * LOW HITPOINT WARNING * * *
There is a stone staircase leading up here.
You see here a +0 club.
You barely miss the gnoll. The gnoll closely misses you.
The gnoll hits you with a +0 whip.
* * * LOW HITPOINT WARNING * * *
You closely miss the gnoll. The gnoll hits you with a +0 whip.
You die...

.........#..#.##'##.##
#.........#.#..#...#...
#.........#.##.'...+.##
#.........#.#..#...#...
#.$.......#.##.##+##.##
#.........$.#..........
#........[####.#.#.#.#.
#...(.....########.>###
####.@........# ####
#..g.......#
#..........#
#..........#
#..=.......#
#..$.......#
#...........
#..?....!..


You could see a gnoll (fast).

Vanquished Creatures
  Prince Ribbit (D:6)
  An ice beast (D:4)
  An ogre (D:4)
  2 lemures (D:7)
  2 scorpions
  3 orc priests
  Natasha (thrice) (D:2)
  4 orc wizards
  6 adders
  4 gnolls
  A shadow imp (D:6)
  A white imp (D:7)
  3 ufetubi
  4 worms
  A dart slug (D:4)
  22 orcs
  3 endoplasms
  7 giant cockroaches
  8 hobgoblins
  8 jackals
  7 kobolds
  A quokka (D:3)
  4 ball pythons
  3 bats
  A frilled lizard (D:1)
  2 goblins
  4 rats
107 creatures vanquished.

Notes
Turn   | Place    | Note
-------+----------+-------------------------------------------
     0 | D:1      | YayAnonymity the Troll Gladiator began the quest for the
                  | Orb.
     0 | D:1      | Reached XP level 1. HP: 19/19 MP: 0/0
   106 | D:1      | Reached XP level 2. HP: 24/28 MP: 1/1
   153 | D:1      | Reached skill level 3 in Maces & Flails
   537 | D:2      | Reached XP level 3. HP: 35/35 MP: 2/2
   670 | D:2      | Found Higiew's Distillery.
   852 | D:2      | Noticed Natasha
   858 | D:2      | Killed Natasha
   879 | D:2      | Noticed Natasha
   888 | D:2      | Killed Natasha
   889 | D:2      | Reached XP level 4. HP: 36/42 MP: 3/3
  1001 | D:2      | Noticed Natasha
  1012 | D:2      | Killed Natasha
  1013 | D:2      | Reached skill level 4 in Maces & Flails
  1426 | D:3      | Noticed a scorpion
  1437 | D:3      | Killed a scorpion
  1438 | D:3      | Reached XP level 5. HP: 50/50 MP: 4/4
  1830 | D:3      | HP: 2/52 [something (4)]
  1914 | D:3      | Reached XP level 6. HP: 59/59 MP: 5/5
  2332 | D:4      | Reached skill level 5 in Maces & Flails
  2655 | D:4      | HP: 2/61 [ogre/+0 giant club (23)]
  2779 | D:4      | Found a sparkling altar of Nemelex Xobeh.
  2781 | D:4      | Noticed an ice beast
  2799 | D:4      | Killed an ice beast
  2800 | D:4      | Reached XP level 7. HP: 21/67 MP: 6/6
  2851 | D:4      | Found an ornate altar of the Wu Jian Council.
  3031 | D:5      | Entered Level 5 of the Dungeon
  3148 | D:4      | You fall into a shaft and drop 3 floors!
  3191 | D:7      | Found Tarchon's Magic Scroll Emporium.
  3197 | D:7      | Bought a scroll of identify for 28 gold pieces
  3208 | D:7      | Noticed Pikel
  3345 | D:6      | Reached skill level 6 in Maces & Flails
  3453 | D:6      | Noticed Prince Ribbit
  3467 | D:6      | Killed Prince Ribbit
  3575 | D:4      | HP: 3/70 [gnoll/+0 flail[a gnoll shaman] (8)]
  3580 | D:5      | HP: 1/70 [gnoll/+0 whip[a gnoll shaman] (4)]
  3581 | D:5      | Slain by a gnoll

Illustrated notes

Levels and vault maps discovered:
D:1:      dpeg_arrival_rhombi, layout_basic, minmay_misc_feat_tiny
D:2:      layout_loops_ring, serial_shops, nicolae_shop_waterfront, uniq_natasha
D:3:      minmay_general_purpose_star, layout_basic, kennysheep_generic_room_7
D:4:      layout_basic, mainiacjoe_overflow_catwalk_spiral,
          minmay_temple_entry_glass
D:5:      layout_basic, minmay_misc_feat_doors, kennysheep_small_square,
          uniq_ijyb
D:6:      layout_gridville, lemuel_coloured_pillars_altar,
          gammafunk_ghost_stat_death, hex_large, uniq_prince_ribbit1
D:7:      layout_loops_ring, enter_bailey_2, serial_shops, shop, serial_demonic,
          serial_demonic_a, serial_demonic_f, serial_demonic_f,
          serial_demonic_b, serial_demonic_f, serial_demonic_b,
          serial_demonic_e, serial_demonic_e, hangedman_decor_peaks_small,
          uniq_pikel

Skill      XL: |  1  2  3  4  5  6  7 |
---------------+----------------------+-----
Maces & Flails | 3 4 5 6 |  6.5
Throwing       | 2 |  2.0
Fighting       | 2 3 4 |  4.0
Dodging        | 3 4 |  4.4

Action                   |  1- 3 |  4- 6 |  7- 9 || total
-------------------------+-------+-------+-------++-------
Melee: Unarmed           |   122 |   207 |   132 ||   461
       Punch             |     2 |     3 |     2 ||     7
  Use: Scroll            |       |     1 |     5 ||     6
       Potion            |       |     1 |     1 ||     2
Armor: Robe              |    54 |    56 |    38 ||   148
Dodge: Dodged            |    83 |   128 |    96 ||   307

Table legend: (Time is in decaauts)
 A = Elapsed time spent in this place.
 B = Non-inter-level travel time spent in this place.
 C = Inter-level travel time spent in this place.
 D = Time resting spent in this place.
 E = Time spent auto-exploring this place.
 F = Levels seen in this place.
 G = Mean time per level.
                   A        B        C        D        E       F      G
               +--------+--------+--------+--------+--------+-----+--------+
         Total |   3581 |   3530 |     51 |    315 |   1951 |   7 |  511.6 |
       Dungeon |   3581 |   3530 |     51 |    315 |   1951 |   7 |  511.6 |
               +--------+--------+--------+--------+--------+-----+--------+

Top non-repeatable levels by time:
     D:4: 931 daAuts
     D:3: 899 daAuts
     D:2: 797 daAuts
     D:1: 491 daAuts
     D:6: 196 daAuts
     D:7: 179 daAuts
     D:5: 86 daAuts
